 Dungeon Crawl Stone Soup version 0.31.0-32-g396128a36d (webtiles) character file.

Game seed: 16385523218451687918

111 TacoSundae the Ruffian (level 4, -8/34 HPs)
             Began as a Gnoll Shapeshifter on Apr 15, 2024.
             Killed by nerve-wracking pain
             ... invoked by an orc priest
              (9 damage)
             ... on level 2 of the Dungeon.
             The game lasted 00:04:02 (1649 turns).

TacoSundae the Ruffian (Gnoll Shapeshifter)         Turns: 1649, Time: 00:04:03

Health: -8/34      AC:  5    Str: 16    XL:     4   Next: 92%
Magic:  6/6        EV: 12    Int:  9    God:
Gold:   87         SH:  0    Dex: 11    Spells: 5/5 levels left

rFire   . .          .
                       - Unarmed
rCold   . . .        (no shield)
rNeg    . . .        e - +0 ring mail
rPois   .            (helmet currently unavailable)
rElec   .            (cloak currently unavailable)
rCorr   .            (gloves currently unavailable)
SInv    .            (boots currently unavailable)
Will    .....        (no amulet)
Stlth   +            (no ring)
HPRegen 0.25/turn    (no ring)
MPRegen 0.10/turn

%: no passive effects
@: beast-form
A: beast (slay +3), fangs 1, strong nose, distributed training
a: Begin Untransformation


You were on level 2 of the Dungeon.
You were a hulking beast.
You visited 1 branch of the dungeon, and saw 2 of its levels.

You collected 87 gold pieces.

Inventory:

Missiles
 l - 11 boomerangs (quivered)
Armour
 a - a +0 animal skin
 e - a +0 ring mail (worn)
Talismans
 c - a beast talisman
 d - a flux talisman
Scrolls
 i - a scroll of amnesia {unknown}
 m - 2 scrolls of teleportation {unknown}
 n - a scroll of blinking {unknown}
 q - a scroll of identify {unknown}
Potions
 b - a potion of lignification
 g - a potion of resistance {unknown}
 h - a potion of mutation {unknown}
 j - 2 potions of heal wounds {unknown}
 k - 2 potions of enlightenment {unknown}
 o - a potion of attraction {unknown}
 p - a potion of curing {unknown}


   Skills:
 + Level 2.9 Fighting
 + Level 1.3 Short Blades
 + Level 1.3 Long Blades
 + Level 1.3 Axes
 + Level 1.3 Maces & Flails
 + Level 1.3 Polearms
 + Level 1.3 Staves
 + Level 1.3 Ranged Weapons
 + Level 1.3 Throwing
 + Level 1.3 Armour
 + Level 4.7 Dodging
 + Level 1.3 Stealth
 + Level 1.3 Shields
 + Level 6.6 Unarmed Combat
 + Level 1.3 Spellcasting
 + Level 1.1 Conjurations
 + Level 1.1 Hexes
 + Level 1.1 Summonings
 + Level 1.1 Necromancy
 + Level 1.1 Translocations
 + Level 1.1 Fire Magic
 + Level 1.1 Ice Magic
 + Level 1.1 Air Magic
 + Level 1.1 Earth Magic
 + Level 1.1 Alchemy
 + Level 1.5 Invocations
 + Level 1.3 Evocations
 + Level 6.6 Shapeshifting


You had 5 spell levels left.
You didn't know any spells.
Your spell library contained the following spells:

 Spells                   Type           Power      Damage    Failure   Level
 Shock                    Conj/Air       8%         1d3       41%         1
 Jinxbite                 Hex            4%         N/A       54%         2
 Swiftness                Air            2%         N/A       78%         3
 Airstrike                Air            1%         2d(1-17)  99%         4
 Yara's Violent Unravell  Hex/Alch       1%         3d3       100%        5
 Enfeeble                 Hex            1%         N/A       100%        7


Dungeon Overview and Level Annotations

Branches:
Dungeon (2/15)

Altars:

Shops:
D:1 (

Annotations:
D:2 1 runed translucent door, Crazy Yiuf


Innate Abilities, Weirdness & Mutations

You are a hulking beast.
Your limbs bulge with bestial killing power. (Slay +3)
You have very sharp teeth.
Your uncanny sense of smell can sniff out nearby items.
Your experience applies equally to all skills.


Message History

The adder is heavily wounded.
The adder closely misses you. x2
You punch the adder!
You kill the adder!
No target in view!
No target in view!
Magic restored.
Found 5 stones.
q - a scroll labelled DODUYT YDGHA An endoplasm comes into view.
The endoplasm quivers.
You see here a book of Air.
An endoplasm is nearby!
You pick up a book of Air and begin reading...
You add the spells Shock, Swiftness and Airstrike to your library.
You hit the endoplasm.
You kill the endoplasm!
No target in view!
No target in view!
Found a falchion.
An orc priest comes into view. It is wielding a +0 club.
The orc priest invokes the aid of Beogh against you.
Beogh smites you!
You hear a shout! x2
The orc priest calls down the wrath of Beogh upon you.
Beogh smites you!
You hear a shout! x2
You are too injured to fight recklessly!
Unknown command.
The orc priest miscasts a cantrip. 3 orcs and an endoplasm come into view.
The orc shouts! x3
The orc priest calls down the wrath of Beogh upon you.
Pain shoots through your body!
* * * LOW HITPOINT WARNING * * *
Unknown command.
It was a potion of magic.
Magic courses through your body.
The orc priest calls down the wrath of Beogh upon you.
Pain shoots through your body!
You die...

.#..#.###.##.####.#.#
#.####.###
###..###.>.#.# #.#.#
#.........
.#.####.###..####.#.#
######.### #.# #..#
#.....#.#.# #.##. #.#
#..###.###.#.#.###
###.... #.# #.#....#
#.#.#... #....##
#.####.##.#.###.#.#.#
#..#.#.
..........#.....J...#
#..##..
#......####.....h.###
#.(#... ########
#.###.### #..##.. #.#
#o# #....#. #.# #o
#.#.### #.# #o
#.#.... #o #...... #.
#.########.. ##
#........... #####
#########.#)


You could see an orc priest, 3 orcs and an endoplasm.

Vanquished Creatures
  Robin (D:2)
  4 adders (D:2)
  A dart slug (D:1)
  3 bats
  3 endoplasms
  3 giant cockroaches
  12 goblins
  10 hobgoblins
  4 jackals (D:1)
  3 kobolds
  2 quokkas (D:2)
  3 ball pythons
  3 rats
52 creatures vanquished.

Notes
Turn   | Place    | Note
-------+----------+-------------------------------------------
     0 | D:1      | TacoSundae the Gnoll Shapeshifter began the quest for the
                  | Orb.
     0 | D:1      | Reached XP level 1. HP: 17/17 MP: 1/1
    66 | D:1      | Reached XP level 2. HP: 21/23 MP: 2/2
   573 | D:1      | Reached XP level 3. HP: 20/28 MP: 3/3
   803 | D:1      | Found Nautygh's Antique Weapon Boutique.
  1078 | D:2      | Reached skill level 1 in Invocations
  1094 | D:2      | Noticed Robin
  1102 | D:2      | Killed Robin
  1103 | D:2      | Reached skill level 1 in Short Blades
  1103 | D:2      | Reached skill level 1 in Long Blades
  1103 | D:2      | Reached skill level 1 in Axes
  1103 | D:2      | Reached skill level 1 in Maces & Flails
  1103 | D:2      | Reached skill level 1 in Polearms
  1103 | D:2      | Reached skill level 1 in Staves
  1103 | D:2      | Reached skill level 1 in Ranged Weapons
  1103 | D:2      | Reached skill level 1 in Throwing
  1103 | D:2      | Reached skill level 1 in Armour
  1103 | D:2      | Reached skill level 1 in Stealth
  1103 | D:2      | Reached skill level 1 in Shields
  1103 | D:2      | Reached skill level 1 in Spellcasting
  1103 | D:2      | Reached skill level 1 in Evocations
  1108 | D:2      | Reached XP level 4. HP: 16/34 MP: 5/5
  1304 | D:2      | Reached skill level 1 in Conjurations
  1304 | D:2      | Reached skill level 1 in Hexes
  1304 | D:2      | Reached skill level 1 in Summonings
  1304 | D:2      | Reached skill level 1 in Necromancy
  1304 | D:2      | Reached skill level 1 in Translocations
  1304 | D:2      | Reached skill level 1 in Fire Magic
  1304 | D:2      | Reached skill level 1 in Ice Magic
  1304 | D:2      | Reached skill level 1 in Air Magic
  1304 | D:2      | Reached skill level 1 in Earth Magic
  1304 | D:2      | Reached skill level 1 in Alchemy
  1366 | D:2      | Found a runed translucent door.
  1367 | D:2      | Noticed Crazy Yiuf
  1648 | D:2      | HP: 1/34 [orc priest/nerve-wracking pain (13)]
  1649 | D:2      | Killed from afar by an orc priest

Illustrated notes

Levels and vault maps discovered:
D:1:      denvon_arrival_waterhouse, layout_loops_ring, serial_shops,
          nicolae_shop_overgrown_old_shop, serial_forest,
          infiniplex_forest_clump_large, infiniplex_forest_straight_5,
          infiniplex_forest_end_2, infiniplex_forest_clump_cross,
          infiniplex_forest_lined_3, infiniplex_forest_lined_room_2,
          infiniplex_forest_straight_4, minivault_14, supply_closet_lemuel
D:2:      layout_loops_ring, minmay_hexomino_f4, uniq_robin,
          uniq_crazy_yiuf_cottage

Skill      XL: |  1  2  3  4 |
---------------+-------------+-----
Invocations    | 1 |  1.5
Short Blades   | 1 |  1.3
Long Blades    | 1 |  1.3
Axes           | 1 |  1.3
Maces & Flails | 1 |  1.3
Polearms       | 1 |  1.3
Staves         | 1 |  1.3
Ranged Weapons | 1 |  1.3
Throwing       | 1 |  1.3
Armour         | 1 |  1.3
Stealth        | 1 |  1.3
Shields        | 1 |  1.3
Spellcasting   | 1 |  1.3
Evocations     | 1 |  1.3
Conjurations   | 1 |  1.1
Hexes          | 1 |  1.1
Summonings     | 1 |  1.1
Necromancy     | 1 |  1.1
Translocations | 1 |  1.1
Fire Magic     | 1 |  1.1
Ice Magic      | 1 |  1.1
Air Magic      | 1 |  1.1
Earth Magic    | 1 |  1.1
Alchemy        | 1 |  1.1
Fighting       | |  2.9
Dodging        | |  4.7
Unarmed Combat | |  6.6
Shapeshifting  | |  6.6

Action                     |  1- 3 |  4- 6 || total
---------------------------+-------+-------++-------
  Melee: Unarmed           |    80 |    45 ||   125
         Punch             |     2 |     3 ||     5
         Bite              |     5 |     1 ||     6
    Use: Potion            |       |     1 ||     1
 Armour: Ring mail         |    34 |    18 ||    52
  Dodge: Dodged            |    21 |    24 ||    45
